 Dungeon Crawl Stone Soup version 0.30-a0-116-g3b1a8e4ee4 (webtiles) character file.

Game seed: 17388675114821279031

130 blackman the Chopper (level 4, -1/37 HPs)
             Began as a Demigod Fighter on Sept 12, 2022.
             Slain by an orc wizard
             ... wielding a +0 falchion
              (6 damage)
             ... on level 3 of the Dungeon.
             The game lasted 00:03:05 (1433 turns).

blackman the Chopper (Demigod Fighter)              Turns: 1433, Time: 00:03:05

Health: -1/37      AC:  7    Str: 21    XL:     4   Next: 60%
Magic:  6/6        EV:  9    Int: 10    God:
Gold:   79         SH:  0    Dex: 13    Spells: 3/3 levels left

rFire   . . .      SeeInvis .    a - +0 war axe
rCold   + . .      Faith    .    l - orb {*Rage}
rNeg    . . .      Spirit   .    b - +0 scale mail
rPois   .          Reflect  .    (no helmet)
rElec   .          Harm     .    (no cloak)
rCorr   +          Rampage  .    (no gloves)
Will    .....      Rage     20%  h - +0 pair of boots
Stlth   ..........               (no amulet)
HPRegen 0.12/turn                m - ring of resist corrosion
MPRegen 0.10/turn                g - ring of protection from cold

@: no status effects
A: high MP 1, forlorn, divine attributes
a: no special abilities


You were on level 3 of the Dungeon.
You visited 1 branch of the dungeon, and saw 3 of its levels.

You collected 79 gold pieces.

Inventory:

Hand Weapons
 a - a +0 war axe (weapon)
Armour
 b - a +0 scale mail (worn)
 c - a +0 buckler
 h - a +0 pair of boots (worn)
 l - an orb of wrath (worn)
Jewellery
 g - a ring of protection from cold (right hand)
 m - a ring of resist corrosion (left hand)
 q - a ring of wizardry
Scrolls
 f - a scroll of poison {unknown}
 i - 3 scrolls of identify {unknown}
 j - a scroll of butterflies {unknown}
 o - a scroll of torment {unknown}
Potions
 d - a potion of might
 e - 3 potions of degeneration {unknown}
 k - a potion of curing {unknown}
 n - 3 potions of brilliance {unknown}
 p - a potion of mutation {unknown}
 r - a potion of lignification {unknown}


   Skills:
 - Level 2.6 Fighting
 + Level 4.7 Axes
 - Level 2.6 Armour
 - Level 2.6 Shields


You had 3 spell levels left.
You didn't know any spells.
Your spell library contained the following spells:

 Spells                   Type           Power      Damage    Failure   Level
 Beastly Appendage        Tmut           0%         N/A       71%         1
 Wereblood                Tmut           0%         N/A       83%         2
 Spider Form              Tmut/Pois      0%         N/A       97%         3


Dungeon Overview and Level Annotations

Branches:
Dungeon (3/15)


Innate Abilities, Weirdness & Mutations

You have an increased reservoir of magic. (+10% MP)
You shall have no god before yourself.
Your divine heritage dramatically boosts your attributes as you level up.


Message History

Deactivating autopickup; reactivate with Ctrl-A.
The orc wizard barely misses you. The orc closely misses you.
You slash the orc wizard!
You kill the orc wizard!
You hit the orc. The orc hits you but does no damage.
You hit the orc.
The orc is heavily wounded.
You closely miss the orc. The orc hits you but does no damage.
The orc hits you with a +0 hand axe.
You hit the orc.
You kill the orc!
You miss something. Something hits you.
You slash the orc!
You kill the orc!
You hit something. Something hits you.
No target in view!
No target in view!
No target in view!
No target in view!
Key pressed, stopping explore.
Something completely misses you.
There is a strange disturbance nearby!
There is a strange disturbance nearby!
There is a strange disturbance nearby!
You hit something. Something hits you. x2
You slash something! Something hits you.
You miss something. Something hits you.
You hit something but do no damage. Something hits you but does no damage.
Something hits you.
* * * LOW HITPOINT WARNING * * *
You miss something. Something hits you but does no damage.
You closely miss something.
You hear some strange, mumbled words.
A magic dart appears from out of thin air!
The magic dart hits you.
* * * LOW HITPOINT WARNING * * *
You barely miss something. Something hits you.
* * * LOW HITPOINT WARNING * * *
You completely miss something. Something hits you.
You die...

..##...# #.#
..##...# #.#######
####...# #.......#
###.###.......#
#......#......#
#......#......#
#......#......#
#......######.#
#......# #@#
#......##...{).....#
#......##).........#
#......##..?.......#
#..........#
#..........#
.....####.## #####.
>#


There were no monsters in sight!

Vanquished Creatures
  An orc wizard (D:3)
  7 adders
  A worm (D:2)
  A dart slug (D:2)
  2 orcs (D:3)
  5 bats (D:1)
  2 endoplasms (D:1)
  3 giant cockroaches
  2 goblins
  4 hobgoblins
  3 jackals (D:1)
  A ball python (D:1)
  2 frilled lizards (D:1)
  4 kobolds (D:1)
  2 rats (D:2)
40 creatures vanquished.

Vanquished Creatures (others)
  A fungus (D:1)
  A plant (D:1)
2 creatures vanquished.

Grand Total: 42 creatures vanquished

Notes
Turn   | Place    | Note
-------+----------+-------------------------------------------
     0 | D:1      | blackman the Demigod Fighter began the quest for the Orb.
     0 | D:1      | Reached XP level 1. HP: 18/18 MP: 3/3
    21 | D:1      | Reached skill level 2 in Axes
   246 | D:1      | Reached XP level 2. HP: 21/25 MP: 4/4
   485 | D:1      | Reached skill level 3 in Axes
   586 | D:2      | Reached XP level 3. HP: 26/30 MP: 5/5
  1177 | D:3      | Reached skill level 4 in Axes
  1258 | D:3      | Reached XP level 4. HP: 37/37 MP: 6/6
  1433 | D:3      | Slain by an orc wizard

Illustrated notes

Levels and vault maps discovered:
D:1:      tarquinn_simple_flora_water_c, layout_rooms,
          shapermc_ecumenical_altar_mp_urbaneastern
D:2:      layout_basic, serial_bayou_pond_e
D:3:      layout_basic, mainiacjoe_overflow_surrounded_room

Skill      XL: |  1  2  3 |
---------------+----------+-----
Axes           | 2 3 4 |  4.7
Fighting       | |  2.6
Armour         | |  2.6
Shields        | |  2.6

Action                   |  1- 3 |  4- 6 || total
-------------------------+-------+-------++-------
Melee: War axe           |    97 |    18 ||   115
Armor: Scale mail        |    43 |    10 ||    53
Dodge: Dodged            |    49 |     7 ||    56
Block: Buckler           |    15 |       ||    15

Table legend: (Time is in decaauts)
 A = Elapsed time spent in this place.
 B = Non-inter-level travel time spent in this place.
 C = Inter-level travel time spent in this place.
 D = Time resting spent in this place.
 E = Time spent auto-exploring this place.
 F = Levels seen in this place.
 G = Mean time per level.
                   A        B        C        D        E       F      G
               +--------+--------+--------+--------+--------+-----+--------+
         Total |   1528 |   1467 |     61 |     10 |   1136 |   3 |  509.3 |
       Dungeon |   1528 |   1467 |     61 |     10 |   1136 |   3 |  509.3 |
               +--------+--------+--------+--------+--------+-----+--------+

Top non-repeatable levels by time:
     D:2: 623 daAuts
     D:1: 590 daAuts
     D:3: 314 daAuts
